 Dungeon Crawl Stone Soup version 0.14-a0-59-gd5eeb80 (webtiles) character file.

886 Sachiko the Ruffian (level 7, -1/59 HPs)
             Began as a Troll Monk on Sept 30, 2013.
             Slain by a hound (2 damage)
             ... on Level 5 of the Dungeon.
             The game lasted 00:10:16 (3501 turns).

Sachiko the Ruffian (Troll Monk)                    Turns: 3501, Time: 00:10:16

HP  -1/59        AC  5     Str 18      XL: 7   Next: 32%
MP   2/2         EV 12     Int  8      God:
Gold 214         SH  0     Dex 14      Spells:  0 memorised,  6 levels left

Res.Fire  : . . .   See Invis. : .     - Unarmed
Res.Cold  : . . .   Warding    : .   a - +0 robe
Life Prot.: . . .   Conserve   : .   (shield restricted)
Res.Poison: .       Res.Corr.  : .   (helmet restricted)
Res.Elec. : .       Clarity    : .   (no cloak)
Sust.Abil.: . .     Spirit.Shd : .   (gloves unavailable)
Res.Mut.  : .       Stasis     : .   (boots unavailable)
Res.Rott. : .       Flight     : .   (no amulet)
Gourmand  : +                        (no ring)
                                     (no ring)

@: slightly resistant to hostile enchantments, fairly stealthy
A: unfitting armour, claws 3, fast metabolism 3, -10% hp, gourmand, regeneration
2, saprovore 2, tough skin 2, AC +1, Str -2, Dex +2
a: no special abilities


You were on level 5 of the Dungeon.
You were full.

You visited 1 branch of the dungeon, and saw 5 of its levels.

You collected 214 gold pieces.

Inventory:

Armour
 a - a +0 robe (worn)
Magical devices
 f - a wand of magic darts (23)
 h - a wand of digging (16) {unknown}
Comestibles
 b - 2 meat rations
 i - 3 bread rations
Scrolls
 j - 2 scrolls of identify
 l - 2 scrolls of teleportation
Jewellery
 c - an uncursed amulet of inaccuracy
 d - an uncursed ring of ice
 g - an uncursed ring of fire
Potions
 e - a potion of curing


   Skills:
 + Level 3.0 Fighting
 + Level 4.9 Dodging
 - Level 1.1 Stealth
 * Level 7.0 Unarmed Combat


You had 6 spell levels left.
You didn't know any spells.

Dungeon Overview and Level Annotations

Branches:
Dungeon (5/27)
 Temple: D:4-7

Altars:
Fedhas

Annotations:
D:5 Duvessa


Innate Abilities, Weirdness & Mutations

You are too large for most types of armour.
You have claws for hands.
Your metabolism is lightning-fast.
You like to eat raw meat.
You heal very quickly.
You can eat rotten meat.
You are covered in fur (AC +1).
You have very tough skin (AC +2).
You have a somewhat thin skeletal structure (Dex +2, Stlth).
You are frail (-10% HP).
You are weak. (Str -2)


Message History

You claw Duvessa!
Duvessa is almost dead.
The hound bites you. Duvessa closely misses you. The hound closely misses you.
You claw Duvessa!
Duvessa is almost dead.
Duvessa hits you with an elven short sword.
* * * LOW HITPOINT WARNING * * *
The hound barely misses you.
You barely miss Duvessa. Your punch misses Duvessa.
Duvessa is almost dead.
Duvessa hits you with an elven short sword!
* * * LOW HITPOINT WARNING * * *
The hound bites you.
* * * LOW HITPOINT WARNING * * *
Drink which item? (? for menu, Esc to quit)
You feel better.
Duvessa hits you with an elven short sword!
* * * LOW HITPOINT WARNING * * *
The hound bites you.
You die...

...<......########.#
...................#
..........##<...#<.##
#####.######........###....
...........................
#.........##........###....
#.........##....#.### .
#)........##....#e#
...............)@.#
#.........##....#h#
##.##.....##....#.#
#.##.....#######.#
........># #.# ..........#
#.# ..#..##### #.# .#..#
... #.. .


You could see Duvessa (berserk) and a hound.

Vanquished Creatures
  Edmund (D:4)
  A phantom (D:4)
  An ogre (D:4)
  Dowan (D:5)
  A crimson imp (D:5)
  A worker ant (D:4)
  3 halflings (D:4)
  16 adders
  3 gnolls (D:5)
  4 giant geckos
  2 oozes
  2 orcs (D:4)
  2 ball pythons
  9 bats
  2 giant cockroaches
  6 hobgoblins
  A quokka (D:4)
  A giant gecko zombie (D:5)
  7 giant newts
  10 goblins
  A hobgoblin skeleton (D:4)
  6 kobolds
  10 rats
91 creatures vanquished.

Vanquished Creatures (others)
  A plant (D:4)
1 creature vanquished.

Grand Total: 92 creatures vanquished

Notes
Turn   | Place    | Note
--------------------------------------------------------------
     0 | D:1      | Sachiko, the Troll Monk, began the quest for the Orb.
     0 | D:1      | Reached XP level 1. HP: 20/20 MP: 0/0
    68 | D:1      | Gained mutation: You have a somewhat thin skeletal structure (Dex +2, Stlth). [potion of mutation]
    68 | D:1      | Gained mutation: You are frail (-10% HP). [potion of mutation]
    68 | D:1      | Gained mutation: You are weak. (Str -2) [potion of mutation]
    69 | D:1      | Sachiko: Suicide Time
   212 | D:1      | Reached XP level 2. HP: 25/25 MP: 0/0
   874 | D:2      | Reached skill level 5 in Unarmed Combat
   874 | D:2      | Reached XP level 3. HP: 31/31 MP: 1/1
   968 | D:2      | Reached XP level 4. HP: 8/39 MP: 1/1
  1584 | D:3      | Reached XP level 5. HP: 30/45 MP: 1/1
  2315 | D:4      | Noticed Edmund
  2319 | D:4      | Noticed an ogre
  2343 | D:4      | Killed Edmund
  2343 | D:4      | Reached skill level 6 in Unarmed Combat
  2343 | D:4      | Reached XP level 6. HP: 9/52 MP: 2/2
  2526 | D:4      | Killed an ogre
  2618 | D:4      | Found a blossoming altar of Fedhas.
  3187 | D:4      | Reached XP level 7. HP: 59/59 MP: 2/2
  3266 | D:5      | Entered Level 5 of the Dungeon
  3474 | D:5      | Noticed Duvessa
  3475 | D:5      | Noticed Dowan
  3491 | D:5      | Killed Dowan
  3491 | D:5      | Reached skill level 7 in Unarmed Combat
  3501 | D:5      | HP: 1/59 [Duvessa/elven short sword (10)]
  3501 | D:5      | Slain by a hound

Action                   |  1- 3 |  4- 6 |  7- 9 || total
-------------------------+-------+-------+-------++-------
Melee: Unarmed           |   106 |   148 |    52 ||   306
  Use: Potion            |     6 |     1 |     4 ||    11
       Scroll            |     3 |     7 |     1 ||    11
 Stab: Sleeping          |     2 |     5 |       ||     7
       Distracted        |       |       |     1 ||     1
